 Dungeon Crawl Stone Soup version 0.29-a0-330-g52719c12eb (webtiles) character file.

Game seed: 10601531201906545220

11 kae the Firebug (level 2, 0/20 HPs)
             Began as a Demigod Fire Elementalist on Apr 25, 2022.
             Slain by a jackal (3 damage)
             ... on level 1 of the Dungeon.
             The game lasted 00:00:14 (560 turns).

kae the Firebug (Demigod Fire Elementalist)          Turns: 560, Time: 00:00:14

Health: 0/20       AC:  2    Str:  9    XL:     2   Next: 3%
Magic:  0/7        EV: 12    Int: 17    God:
Gold:   0          SH:  0    Dex: 14    Spells: 4/5 levels left

rFire   . . .      SeeInvis .   (no weapon)
rCold   . . .      Faith    .   (no shield)
rNeg    . . .      Spirit   .   a - +0 robe
rPois   .          Reflect  .   (no helmet)
rElec   .          Harm     .   (no cloak)
rCorr   .          Rampage  .   (no gloves)
Will    .....                   (no boots)
Stlth   ++........              (no amulet)
HPRegen 0.06/turn               (no ring)
MPRegen 0.10/turn               (no ring)

@: very slightly contaminated
A: high MP 1, forlorn, divine attributes
a: no special abilities


You were on level 1 of the Dungeon.
You visited 1 branch of the dungeon, and saw 1 of its levels.

Inventory:

Armour
 a - a +0 robe (worn)
Potions
 b - a potion of magic


   Skills:
 - Level 1.7 Dodging
 - Level 1.7 Stealth
 + Level 2.0 Spellcasting
 + Level 1.2 Conjurations
 + Level 2.9 Fire Magic


You had 4 spell levels left.
You knew the following spells:

 Your Spells              Type           Power      Damage    Failure   Level
a - Foxfire               Conj/Fire      32%        2x1d5     9%          1

Your spell library contained the following spells:

 Spells                   Type           Power      Damage    Failure   Level
 Scorch                   Fire           22%        2d6       9%          2
 Conjure Flame            Conj/Fire      8%         6-21      24%         3
 Inner Flame              Hex/Fire       6%         N/A       32%         3
 Flame Wave               Conj/Fire      8%         2d5       63%         4


Dungeon Overview and Level Annotations

Branches:
Dungeon (1/15)


Innate Abilities, Weirdness & Mutations

You have an increased reservoir of magic. (+10% MP)
You shall have no god before yourself.
Your divine heritage dramatically boosts your attributes as you level up.


Message History

The jackal bites you.
The jackal bites you but does no damage.
There are monsters nearby!
Casting: Foxfire (safe; 9% risk of failure)
Confirm with . or Enter, or press ? or * to list all spells.
You conjure some foxfire!
The ball python bites you. The ball python grabs you.
The ball python constricts you. The jackal misses you.
The ball python closely misses you. The ball python constricts you.
The foxfire hits the ball python.
The ball python is heavily wounded.
The foxfire hits the ball python.
You kill the ball python!
The jackal bites you.
* * * LOW HITPOINT WARNING * * *
The jackal closely misses you.
You have reached level 2!
Casting: Foxfire (safe; 9% risk of failure)
Confirm with . or Enter, or press ? or * to list all spells.
You miscast Foxfire.
You are very lightly contaminated with residual magic.
Nothing appears to happen.
The jackal bites you.
* * * LOW HITPOINT WARNING * * *
You hit the jackal but do no damage.
The jackal bites you but does no damage.
Casting: Foxfire (safe; 9% risk of failure)
Confirm with . or Enter, or press ? or * to list all spells.
You conjure some foxfire!
The jackal bites you.
* * * LOW HITPOINT WARNING * * *
The jackal barely misses you.
The foxfire hits the jackal.
The jackal is heavily wounded.
The foxfire hits the jackal.
The jackal is severely wounded.
The jackal bites you.
* * * LOW HITPOINT WARNING * * *
Okay, then.
You barely miss the jackal.
The jackal is severely wounded.
The jackal bites you.
You die...

# # ...# #.......
....#####.#### #.######
.............# #.#
..##....##.###.#
#...........##.####
#.##.##...........###
#.......##..##.##.#..
##.#.##§#####..........#
.......@.# #####.##..##
##.#....h# #.##..#
#..#.#.?# #.......
#$#.#...# ####.... #. ##
.#.# ..... . #. ..
.≈##.# .. .. .≈ .# ..
.##


You could see a jackal.

Vanquished Creatures
  An endoplasm (D:1)
  2 jackals (D:1)
  A quokka (D:1)
  3 ball pythons (D:1)
  A bat (D:1)
  A kobold (D:1)
  A rat (D:1)
10 creatures vanquished.

Vanquished Creatures (others)
  34 foxfires (D:1)
34 creatures vanquished.

Grand Total: 44 creatures vanquished

Notes
Turn   | Place    | Note
-------+----------+-------------------------------------------
     0 | D:1      | kae the Demigod Fire Elementalist began the quest for the
                  | Orb.
     0 | D:1      | Reached XP level 1. HP: 14/14 MP: 5/5
    80 | D:1      | Reached skill level 1 in Conjurations
   556 | D:1      | Reached XP level 2. HP: 6/20 MP: 1/7
   560 | D:1      | Slain by a jackal

Illustrated notes

Levels and vault maps discovered:
D:1:      ncdulo_lavacross, layout_loops_ring, basic_ecumenical_altar,
          moated_statue, chequers_serial_rivers_micro_e

Skill      XL: |  1 |
---------------+----+-----
Conjurations   | 1 |  1.2
Spellcasting   | 2 |  2.0
Dodging        | |  1.7
Stealth        | |  1.7
Fire Magic     | |  2.9

Action                   || total
-------------------------++-------
Melee: Unarmed           ||     9
 Cast: Foxfire           ||    19
Armor: Robe              ||     5
Dodge: Dodged            ||    27

Table legend: (Time is in decaauts)
 A = Elapsed time spent in this place.
 B = Non-inter-level travel time spent in this place.
 C = Inter-level travel time spent in this place.
 D = Time resting spent in this place.
 E = Time spent auto-exploring this place.
 F = Levels seen in this place.
 G = Mean time per level.
                   A        B        C        D        E       F      G
               +--------+--------+--------+--------+--------+-----+--------+
         Total |    560 |    560 |      0 |      0 |    490 |   1 |  560.0 |
       Dungeon |    560 |    560 |      0 |      0 |    490 |   1 |  560.0 |
               +--------+--------+--------+--------+--------+-----+--------+

Top non-repeatable levels by time:
     D:1: 560 daAuts
